 Dungeon Crawl Stone Soup version 0.30-a0-591-g3c58d2bc28 (console) character file.

Game seed: 2504164139989709132

123 jejorda2 the Poker (level 5, -2/42 HPs)
             Began as a Merfolk Berserker on Jan 4, 2023.
             Was a Believer of Trog.
             Slain by an ice beast (5 damage)
             ... on level 2 of the Dungeon.
             The game lasted 00:03:44 (1527 turns).

jejorda2 the Poker (Merfolk Berserker)              Turns: 1527, Time: 00:03:45

Health: -2/42      AC:  7    Str: 20    XL:     5   Next: 7%
Magic:  5/5        EV: 12    Int:  6    God:    Trog [**....]
Gold:   123        SH:  0    Dex: 13    Spells: 4/4 levels left

rFire   . . .      SeeInvis .    a - +0 spear
rCold   . . .      Faith    .    (no shield)
rNeg    . . .      Spirit   .    l - +0 ring mail
rPois   .          Reflect  .    o - +0 helmet
rElec   .          Harm     .    b - +0 cloak
rCorr   .          Rampage  .    (no gloves)
Will    .....                    (no boots)
Stlth   +                        (no amulet)
HPRegen 0.27/turn                (no ring)
MPRegen 0.09/turn                (no ring)

@: no status effects
A: (nimble swimmer 2), mertail
a: Renounce Religion, Berserk, Trog's Hand


You were on level 2 of the Dungeon.
You worshipped Trog.
Trog was pleased with you.
You visited 1 branch of the dungeon, and saw 3 of its levels.

You collected 123 gold pieces.

Inventory:

Hand Weapons
 a - a +0 spear (weapon)
Missiles
 k - 16 stones (quivered)
 p - 2 poisoned darts
Armour
 b - a +0 cloak (worn)
 l - a +0 ring mail (worn)
 o - a +0 helmet (worn)
 q - a +0 chain mail
Jewellery
 m - a ring of ice
Scrolls
 c - a scroll of noise {unknown}
 d - 3 scrolls of identify {unknown}
 e - 2 scrolls of enchant armour {unknown}
 g - 2 scrolls of teleportation {unknown}
 i - a scroll of vulnerability {unknown}
Potions
 f - 2 potions of attraction {unknown}
 h - a potion of lignification {unknown}
 j - a potion of ambrosia {unknown}
 n - a potion of might {unknown}


   Skills:
 + Level 4.2 Fighting
 * Level 5.9 Polearms
 - Level 1.3 Armour
 + Level 4.0 Dodging


You had 4 spell levels left.
You didn't know any spells.
Your spell library was empty.

Dungeon Overview and Level Annotations

Branches:
Dungeon (3/15)

Altars:


Innate Abilities, Weirdness & Mutations

((You are very nimble when in or above water. (Stealth+, EV+, Speed+++)))
Your lower body shifts to a powerful aquatic tail in water.


Message History

You hit the ice beast.
The ice beast is moderately wounded.
The ball python bites you but does no damage.
The ball python constricts you.
You hit the ice beast.
The ice beast is heavily wounded.
The ball python bites you but does no damage.
The ball python constricts you. The ice beast hits you.
* * * LOW HITPOINT WARNING * * *
The ice beast freezes you!
* * * LOW HITPOINT WARNING * * *
You closely miss the ball python.
The ball python bites you but does no damage.
The ball python constricts you.
The ice beast hits you but does no damage.
You hit the ball python.
You kill the ball python!
Trog accepts your kill. The ice beast barely misses you.
You closely miss the ice beast.
The ice beast is heavily wounded.
The ice beast closely misses you.
You hit the ice beast.
The ice beast is heavily wounded.
You hit the ice beast but do no damage.
The ice beast is heavily wounded.
The ice beast barely misses you.
You barely miss the ice beast.
The ice beast is heavily wounded.
You recover from your berserk rage.
The ice beast barely misses you.
You hit the ice beast but do no damage.
The ice beast is heavily wounded.
The ice beast barely misses you.
You hit the ice beast.
The ice beast is severely wounded.
The ice beast hits you.
* * * LOW HITPOINT WARNING * * *
The ice beast freezes you.
You die...

#..##.............#.......#
#..##.....................#
...##.......######........#
...##.......# #...######
...##.......# #...#
#...........# #...#
#......###### #...#
#†....†###########...#
'......)........@##'##
#.>....#########Y##'####
.......# #.......# .......#
#.......# ....÷..#
#.......# ....)..#
#####.......# .......#
#...........# .......##
#.....##...##
.....†..####.....##...#


You could see an ice beast.

Vanquished Creatures
  Terence (D:3)
  Robin (D:2)
  2 adders (D:2)
  2 dart slugs (D:2)
  7 ball pythons
  8 endoplasms
  3 giant cockroaches
  14 goblins
  8 hobgoblins
  2 quokkas
  4 bats
  5 frilled lizards
  2 kobolds
  2 rats (D:3)
61 creatures vanquished.

Notes
Turn   | Place    | Note
-------+----------+-------------------------------------------
     0 | D:1      | jejorda2 the Merfolk Berserker began the quest for the Orb.
     0 | D:1      | Reached XP level 1. HP: 18/18 MP: 1/1
   125 | D:1      | Reached XP level 2. HP: 24/24 MP: 2/2
   191 | D:1      | Found a faded altar of an unknown god.
   468 | D:1      | Reached XP level 3. HP: 29/29 MP: 3/3
   888 | D:2      | Reached skill level 5 in Polearms
   909 | D:2      | Reached ** piety under Trog
  1018 | D:2      | Noticed Robin
  1031 | D:2      | Killed Robin
  1032 | D:2      | Reached XP level 4. HP: 30/37 MP: 4/4
  1471 | D:3      | Noticed Terence
  1481 | D:3      | Killed Terence
  1482 | D:3      | Reached XP level 5. HP: 42/42 MP: 5/5
  1483 | D:3      | Noticed an ice beast
  1527 | D:2      | Slain by an ice beast

Illustrated notes

Levels and vault maps discovered:
D:1:      nicolae_arrival_memento_mori, layout_loops_ring,
          dilly_ecumenical_altar_fadedgnrine, corexii_item_surrounded_by_moat
D:2:      layout_basic, chequers_serial_rivers_room_b, uniq_robin
D:3:      layout_loops_ring, nicolae_uskayaw_suspiria,
          mainiacjoe_overflow_small_starburst, serial_rivers,
          chequers_serial_rivers_marsh, chequers_serial_rivers_small_3,
          chequers_serial_rivers_room_a, chequers_serial_rivers_small_b,
          chequers_serial_rivers_large_b, chequers_serial_rivers_micro_a,
          gammafunk_ghost_cemetery, st_stairs_5, uniq_terence

Skill      XL: |  1  2  3  4 |
---------------+-------------+-----
Dodging        | 3 4 |  4.0
Polearms       | 5 |  5.9
Fighting       | 4 |  4.2
Armour         | |  1.3

Action                   |  1- 3 |  4- 6 || total
-------------------------+-------+-------++-------
Melee: Spear             |   158 |    80 ||   238
Throw: Stone             |     2 |       ||     2
Invok: Berserk           |     1 |     1 ||     2
 Stab: Sleeping          |     2 |       ||     2
Armor: Leather armour    |    11 |       ||    11
       Ring mail         |    19 |    24 ||    43
Dodge: Dodged            |    65 |    68 ||   133

Table legend: (Time is in decaauts)
 A = Elapsed time spent in this place.
 B = Non-inter-level travel time spent in this place.
 C = Inter-level travel time spent in this place.
 D = Time resting spent in this place.
 E = Time spent auto-exploring this place.
 F = Levels seen in this place.
 G = Mean time per level.
                   A        B        C        D        E       F      G
               +--------+--------+--------+--------+--------+-----+--------+
         Total |   1498 |   1437 |     61 |     26 |    954 |   3 |  499.3 |
       Dungeon |   1498 |   1437 |     61 |     26 |    954 |   3 |  499.3 |
               +--------+--------+--------+--------+--------+-----+--------+

Top non-repeatable levels by time:
     D:1: 751 daAuts
     D:2: 596 daAuts
     D:3: 150 daAuts
